 Dungeon Crawl Stone Soup version 0.28-a0-983-g1de4e0787c (webtiles) character file.

Game seed: 3111211061279729556

99 bearlyready the Ducker (level 4, 0/38 HPs)
             Began as a Gnoll Gladiator on Dec 2, 2021.
             Slain by an orc (1 damage)
             ... on level 4 of the Dungeon.
             The game lasted 00:02:03 (2311 turns).

bearlyready the Ducker (Gnoll Gladiator)            Turns: 2311, Time: 00:02:04

Health: 0/38       AC:  8    Str: 16    XL:     4   Next: 72%
Magic:  5/5        EV: 13    Int: 13    God:
Gold:   109        SH:  0    Dex: 13    Spells: 5/5 levels left

rFire   . . .      SeeInvis .   a - +0 flail
rCold   . . .      Faith    .   (no shield)
rNeg    . . .      Spirit   .   o - +0 ring mail
rPois   .          Reflect  .   c - +0 helmet
rElec   .          Harm     .   v - +1 cloak
rCorr   .          Rampage  .   (no gloves)
Will    .....                   (no boots)
Stlth   +.........              (no amulet)
HPRegen 0.12/turn               s - +6 ring of intelligence
MPRegen 0.09/turn               (no ring)

@: lethally poisoned (0 -> -10)
A: fangs 1, strong nose, distributed training
a: no special abilities


You were on level 4 of the Dungeon.
You visited 1 branch of the dungeon, and saw 4 of its levels.

You collected 109 gold pieces.

Inventory:

Hand Weapons
 a - a +0 flail (weapon)
 j - a +0 hunting sling
Missiles
 d - 3 throwing nets (quivered)
 h - 83 stones
 p - 43 arrows
Armour
 b - a +0 leather armour
 c - a +0 helmet (worn)
 o - a +0 ring mail (worn)
 v - a +1 cloak (worn)
Jewellery
 s - a +6 ring of intelligence (left hand)
Wands
 z - a wand of digging (7)
Scrolls
 i - 2 scrolls of amnesia {unknown}
 k - a scroll of enchant armour {unknown}
 l - a scroll of torment {unknown}
 m - 4 scrolls of identify {unknown}
 n - a scroll of immolation {unknown}
 t - a scroll of fog {unknown}
 u - 2 scrolls of vulnerability {unknown}
 w - a scroll of teleportation {unknown}
 x - a scroll of noise {unknown}
 y - a scroll of enchant weapon {unknown}
Potions
 e - a potion of magic {unknown}
 f - a potion of resistance {unknown}
 g - a potion of curing {unknown}
 q - a potion of attraction {unknown}
 r - a potion of heal wounds {unknown}


   Skills:
 + Level 4.7 Fighting
 + Level 1.2 Short Blades
 + Level 1.2 Long Blades
 + Level 1.2 Axes
 + Level 6.6 Maces & Flails
 + Level 1.2 Polearms
 + Level 1.2 Staves
 + Level 1.2 Slings
 + Level 1.2 Bows
 + Level 1.2 Crossbows
 + Level 4.7 Throwing
 + Level 1.2 Armour
 + Level 6.6 Dodging
 + Level 1.2 Stealth
 + Level 1.2 Shields
 + Level 1.2 Unarmed Combat
 + Level 1.2 Spellcasting
 + Level 1.0 Conjurations
 + Level 1.0 Hexes
 + Level 1.0 Summonings
 + Level 1.0 Necromancy
 + Level 1.0 Translocations
 + Level 1.0 Transmutations
 + Level 1.0 Fire Magic
 + Level 1.0 Ice Magic
 + Level 1.0 Air Magic
 + Level 1.0 Earth Magic
 + Level 1.0 Poison Magic
 + Level 1.3 Invocations
 + Level 1.2 Evocations


You had 5 spell levels left.
You didn't know any spells.
Your spell library was empty.

Dungeon Overview and Level Annotations

Branches:
Dungeon (4/15)
 Temple: D:4-7

Altars:

Shops:
D:2 =   D:3 =


Innate Abilities, Weirdness & Mutations

You have very sharp teeth.
Your uncanny sense of smell can sniff out nearby items.
Your experience applies equally to all skills.


Message History

You hit the hobgoblin.
The hobgoblin is almost dead.
The hobgoblin misses you.
You hit the hobgoblin.
You kill the hobgoblin!
The orc wizard casts a spell at you. You resist with some effort.
The orc wizard closely misses you. The orc closely misses you.
Things that are here:
a +0 flail; a +0 leather armour; an orc corpse You hit the orc wizard.
The orc wizard is lightly wounded.
The orc wizard casts a spell at you.
The puff of flame hits you but does no damage.
The orc misses you.
You hit the orc wizard.
You bite the orc wizard, but do no damage.
The orc wizard is moderately wounded.
The orc wizard gestures at you while chanting.
The magic dart hits you.
* * * LOW HITPOINT WARNING * * *
The orc barely misses you.
You hit the orc wizard.
The orc wizard is heavily wounded.
The orc wizard barely misses you. The orc barely misses you.
You hit the orc wizard but do no damage.
The orc wizard is heavily wounded.
The orc wizard hits you but does no damage.
The orc hits you with a +0 whip of venom.
* * * LOW HITPOINT WARNING * * *
You are lethally poisoned!
You barely miss the orc wizard.
The orc wizard is heavily wounded.
* * * LOW HITPOINT WARNING * * *
You feel very sick.
The orc wizard gestures at you while chanting.
The magic dart hits you.
* * * LOW HITPOINT WARNING * * *
The orc hits you with a +0 whip of venom.
You die...

#...........
#.........#
###........#.
..#....†.......
...............
..#.#..........
###........
#oo......? ∆
##@###..#. #.#
#.# #........#
##........ ∆
.........
###......
...... ......
......


You could see an orc wizard and an orc.

Vanquished Creatures
  A hound skeleton (D:3)
  A gnoll (D:3)
  2 adders
  2 worms (D:2)
  3 dart slugs
  An orc (D:4)
  6 endoplasms
  7 hobgoblins
  2 jackals (D:1)
  A quokka (D:4)
  A ball python (D:2)
  3 bats
  9 frilled lizards
  A goblin (D:1)
  4 kobolds
  5 rats
49 creatures vanquished.

Notes
Turn   | Place    | Note
-------+----------+-------------------------------------------
     0 | D:1      | bearlyready the Gnoll Gladiator began the quest for the
                  | Orb.
     0 | D:1      | Reached XP level 1. HP: 20/20 MP: 1/1
   173 | D:1      | Reached XP level 2. HP: 26/26 MP: 2/2
  1119 | D:2      | Reached XP level 3. HP: 28/31 MP: 3/3
  1202 | D:2      | Reached skill level 1 in Invocations
  1248 | D:2      | Found Rupt's Jewellery Boutique.
  1522 | D:2      | Reached skill level 1 in Short Blades
  1522 | D:2      | Reached skill level 1 in Long Blades
  1522 | D:2      | Reached skill level 1 in Axes
  1522 | D:2      | Reached skill level 1 in Polearms
  1522 | D:2      | Reached skill level 1 in Staves
  1522 | D:2      | Reached skill level 1 in Slings
  1522 | D:2      | Reached skill level 1 in Bows
  1522 | D:2      | Reached skill level 1 in Crossbows
  1522 | D:2      | Reached skill level 1 in Armour
  1522 | D:2      | Reached skill level 1 in Stealth
  1522 | D:2      | Reached skill level 1 in Shields
  1522 | D:2      | Reached skill level 1 in Unarmed Combat
  1522 | D:2      | Reached skill level 1 in Spellcasting
  1522 | D:2      | Reached skill level 1 in Evocations
  1693 | D:3      | Found Cic Moeph's Jewellery Emporium.
  1894 | D:3      | Reached XP level 4. HP: 37/38 MP: 5/5
  2237 | D:3      | Reached skill level 1 in Conjurations
  2237 | D:3      | Reached skill level 1 in Hexes
  2237 | D:3      | Reached skill level 1 in Summonings
  2237 | D:3      | Reached skill level 1 in Necromancy
  2237 | D:3      | Reached skill level 1 in Translocations
  2237 | D:3      | Reached skill level 1 in Transmutations
  2237 | D:3      | Reached skill level 1 in Fire Magic
  2237 | D:3      | Reached skill level 1 in Ice Magic
  2237 | D:3      | Reached skill level 1 in Air Magic
  2237 | D:3      | Reached skill level 1 in Earth Magic
  2237 | D:3      | Reached skill level 1 in Poison Magic
  2311 | D:4      | HP: 1/38 [orc wizard/magic dart (4)]
  2311 | D:4      | Slain by an orc

Illustrated notes

Levels and vault maps discovered:
D:1:      dpeg_arrival_shrine, layout_loops_corners
D:2:      layout_rooms, serial_shops, nicolae_shop_crystal
D:3:      layout_loops_corners, led_sif_book, serial_shops, nicolae_square_shop,
          uniq_grinder
D:4:      layout_cave_pools, biasface_ghost_orc_armoury, grunt_tough_drop

Skill      XL: |  1  2  3  4 |
---------------+-------------+-----
Invocations    | 1 |  1.3
Short Blades   | 1 |  1.2
Long Blades    | 1 |  1.2
Axes           | 1 |  1.2
Polearms       | 1 |  1.2
Staves         | 1 |  1.2
Slings         | 1 |  1.2
Bows           | 1 |  1.2
Crossbows      | 1 |  1.2
Armour         | 1 |  1.2
Stealth        | 1 |  1.2
Shields        | 1 |  1.2
Unarmed Combat | 1 |  1.2
Spellcasting   | 1 |  1.2
Evocations     | 1 |  1.2
Conjurations   | 1 |  1.0
Hexes          | 1 |  1.0
Summonings     | 1 |  1.0
Necromancy     | 1 |  1.0
Translocations | 1 |  1.0
Transmutations | 1 |  1.0
Fire Magic     | 1 |  1.0
Ice Magic      | 1 |  1.0
Air Magic      | 1 |  1.0
Earth Magic    | 1 |  1.0
Poison Magic   | 1 |  1.0
Fighting       | |  4.7
Maces & Flails | |  6.6
Throwing       | |  4.7
Dodging        | |  6.6

Action                   |  1- 3 |  4- 6 || total
-------------------------+-------+-------++-------
Melee: Flail             |   121 |    37 ||   158
       Bite              |     7 |     2 ||     9
 Stab: Sleeping          |     1 |       ||     1
Armor: Leather armour    |     3 |       ||     3
       Ring mail         |    23 |    19 ||    42
Dodge: Dodged            |    69 |    40 ||   109

Table legend: (Time is in decaauts)
 A = Elapsed time spent in this place.
 B = Non-inter-level travel time spent in this place.
 C = Inter-level travel time spent in this place.
 D = Time resting spent in this place.
 E = Time spent auto-exploring this place.
 F = Levels seen in this place.
 G = Mean time per level.
                   A        B        C        D        E       F      G
               +--------+--------+--------+--------+--------+-----+--------+
         Total |   2322 |   2208 |    114 |     26 |   1775 |   4 |  580.5 |
       Dungeon |   2322 |   2208 |    114 |     26 |   1775 |   4 |  580.5 |
               +--------+--------+--------+--------+--------+-----+--------+

Top non-repeatable levels by time:
     D:1: 1102 daAuts
     D:2: 588 daAuts
     D:3: 585 daAuts
     D:4: 46 daAuts
